 Dungeon Crawl Stone Soup version 0.17.1-3-g152610e (webtiles) character file.

19516 kaze the Protected (level 12, 0/67 HPs)
             Began as a Demonspawn Berserker on Apr 9, 2016.
             Was a High Priest of Trog.
             Killed from afar by a starcursed mass (illusionary) (10 damage)
             ... with an accursed screaming
             ... while paralysed by accursed screaming
             ... on level 2 of the Abyss.
             The game lasted 00:29:29 (10825 turns).

kaze the Protected (Demonspawn Berserker)          Turns: 10825, Time: 00:29:29

Health: 0/67       AC: 14    Str: 22    XL:     12   Next: 37%
Magic:  0/0        EV:  2    Int:  7    God:    Trog [*****.]
Gold:   986        SH:  0    Dex: 19    Spells: 0 memorised, 11 levels left

rFire  + . .     SeeInvis .     D - +6 short sword "Xocw" {pierce, MR+ Dex+2}
rCold  . . .     Rnd*Rage +     y - +2 chain mail "Sirch" {Regen+ MP-9 Str+4 Dex+4}
rNeg   . . .     SustAt   +     J - +0 shield
rPois  .         Gourm    .     b - +1 helmet
rElec  .         Spirit   +     (no cloak)
rCorr  .         Warding  .     B - +0 pair of gloves
rMut   .         Rnd*Tele +     (boots unavailable)
MR     +++..                    (no amulet)
Stlth  ..........               C - ring "Kenyobol" {SustAt +Fly rF+ Int+2}
                                g - +4 ring of dexterity

@: paralysed, exhausted, non-regenerating, extremely resistant to hostile
enchantments, extremely unstealthy
A: hooves 3, molten scales 1, berserk 3, blurry vision 3, clumsy 2, deformed
body, deterioration 2, dopey 2, frail 3, low mp 3, screaming 3, slow
regeneration 3, spiny 1, teleportitis 3, weak 2, magic shield, magic
regeneration, no device heal 3, subdued magic 3, MP-powered wands
a: Berserk, Trog's Hand, Brothers in Arms, Burn Spellbooks, Renounce Religion,
Evoke Flight


You were on level 2 of the Abyss.
You worshipped Trog.
Trog was extremely pleased with you.
You were hungry.

You visited 1 branch of the dungeon, and saw 13 of its levels.
You visited the Abyss 1 time.

You collected 986 gold pieces.

Inventory:

Hand Weapons
 p - a +1 war axe
 D - the +6 short sword "Xocw" (weapon) {pierce, MR+ Dex+2}
   (You took it off an orc on level 10 of the Dungeon)

   It inflicts extra damage upon your enemies.
   It affects your dexterity (+2).
   It affects your resistance to hostile enchantments.
 K - a +1 flail
 M - a +2 long sword of venom
Missiles
 N - 9 javelins (quivered)
Armour
 b - a +1 helmet (worn)
 y - the +2 chain mail "Sirch" (worn) {Regen+ MP-9 Str+4 Dex+4}
   (You found it on level 8 of the Dungeon)

   It affects your strength (+4).
   It affects your dexterity (+4).
   It affects your magic capacity (-9).
   It increases your rate of regeneration.
 B - a +0 pair of gloves (worn)
 J - a +0 shield (worn)
Jewellery
 g - a +4 ring of dexterity (left hand)
 C - the ring "Kenyobol" (right hand) {SustAt +Fly rF+ Int+2}
   (You found it on level 8 of the Dungeon)

   [ring of sustain attributes]

   It sustains your strength, intelligence and dexterity.
   It affects your intelligence (+2).
   It protects you from fire.
   It lets you fly.
Wands
 h - a wand of fire (15)
 q - a wand of flame (34)
 v - a wand of disintegration (16)
 w - a wand of flame (31)
 O - a wand of disintegration (8)
 S - a wand of cold (4)
 U - a wand of frost (19)
Scrolls
 e - 2 scrolls of recharging
 f - 5 scrolls of remove curse
 l - 4 scrolls of identify
 r - 8 scrolls of teleportation
 u - a scroll of magic mapping
 A - a scroll of fog
 E - a scroll of fear
 L - 3 scrolls of blinking
Potions
 a - 2 potions of berserk rage
 m - 2 potions of curing
 n - a potion of cancellation
 o - a potion of cure mutation
 s - 2 potions of agility
 t - a potion of invisibility
 T - a potion of might
Miscellaneous
 G - a plain deck of defence
 I - a plain deck of wonders
 P - a plain deck of destruction
Comestibles
 i - 5 slices of pizza
 j - 13 royal jellies
 k - 7 fruits
 x - 3 meat rations


   Skills:
 + Level 10.2 Fighting
 + Level 4.0(4.2) Short Blades
 + Level 1.2(2.8) Long Blades
 + Level 9.4(9.5) Axes
 + Level 2.1(6.3) Maces & Flails
 + Level 10.3 Armour
 + Level 6.1 Dodging
 + Level 2.4 Stealth
 + Level 5.8 Shields


You had 11 spell levels left.
You didn't know any spells.

Dungeon Overview and Level Annotations

Branches:
Dungeon (13/15)            Temple (0/1) D:4            Lair (0/8) D:8
    Orc (0/4) D:10
 Vaults: D:13-14

Altars:
Fedhas
Gozag
Qazlal
Trog
Vehumet

Portals:
Trove: D:11 (give 18 potions of curing)

Annotations:
D:5 1 runed door
D:13 Sonja


Innate Abilities, Weirdness & Mutations

You have hooves in place of feet.
You are partially covered in molten scales (AC +1).
You are partially covered in sharp spines.
When hurt, damage is shared between your health and your magic reserves.
You regenerate magic rapidly.
[You have an uncontrollable temper.]
[Scrolls take you much longer to read.]
[You are very clumsy. (Dex -4)]
[Armour fits poorly on your strangely shaped body.]
[Your body often deteriorates upon taking damage.]
[You are very dopey. (Int -4)]
[You are extremely frail (-30% HP).]
[Your magical capacity is extremely low (-30% MP).]
[You frequently scream uncontrollably at your foes.]
[You do not regenerate naturally.]
[You are often teleported next to monsters.]
[You are very weak. (Str -4)]
[Potions and wands cannot restore your health.]
[Your spells are much easier to cast, but much less powerful.]
[You expend magic power (3 MP) to strengthen your wands.]


Message History

The rakshasa is almost dead.
You block the rakshasa's attack.
The rakshasa hits you but does no damage.
A starcursed mass splits.
The starcursed mass closely misses you.
A starcursed mass splits.
The wretched star pulses with an eldritch light!
The rakshasa twists and deforms. x3
A cacophony of accursed wailing tears at your sanity!
* * * LOW HITPOINT WARNING * * *
Your body deteriorates!
You feel dopey for a moment.
You suddenly lose the ability to move!
The rakshasa gestures.
The rakshasa blinks!
The starcursed mass engulfs you.
* * * LOW HITPOINT WARNING * * *
A starcursed mass splits.
The starcursed mass is struck by your spines.
The starcursed mass engulfs you but does no damage.
The starcursed mass shudders and is absorbed by its neighbour.
A cacophony of accursed wailing tears at your sanity!
You die...

##..#.# .. #
#...#.#. . #
. # # #.... #
#. .###.#.###
.# #
.........#.
.#
#...#......
##.#.....
...X####R*.##
. .
#XXXX.@.R# .
.#
##X#XX##..# .
#... .#.#
...R. ....
#.#.#. . .#.
..... #. ..#
###### .. ##


You could see 8 starcursed masses, a wretched star and 3 rakshasas.

Vanquished Creatures
  Gastronok (D:12)
  The ghost of nublet the Purifying Dwarf, a journeyman DDGl of Elyvilon (D:10)
  The ghost of Breadlance the Cleaver, a novice MiFi of Trog (D:9)
  Urug (D:10)
  The ghost of Stendarr the Firebug, a novice TrFE (D:8)
  2 wretched stars (Abyss:2)
  4 hill giants
  3 ugly things
  A smoke demon (Abyss:2)
  A centaur zombie (D:11)
  2 trolls
  3 hellwings (Abyss:2)
  2 two-headed ogres
  The ghost of nublet the Ducker, an amateur DDHu of Elyvilon (D:6)
  A deep elf mage (D:11)
  2 wraiths
  3 yaks (D:12)
  A steam dragon (D:10)
  2 hungry ghosts
  A wyvern (D:10)
  A hippogriff (D:5)
  A water moccasin (D:7)
  4 ice beasts
  A black bear (D:10)
  2 sky beasts
  5 necrophages (D:6)
  9 orc warriors
  3 phantoms
  The ghost of Shenda the Covered, an amateur HuFi (D:3)
  6 crocodiles
  10 centaurs
  3 ogres
  A big kobold (D:9)
  9 giant frogs
  A water moccasin skeleton (D:5)
  A wyvern skeleton (D:12)
  2 scorpions
  5 wights (D:9)
  12 killer bees
  3 crimson imps
  4 hounds
  6 orc priests
  2 giant frog zombies
  10 jellies
  A gnoll shaman (D:10)
  A centaur skeleton (D:7)
  2 iguanas
  10 orc wizards
  4 giant frog skeletons
  2 quasits
  16 worker ants
  A killer bee zombie (D:6)
  A hound zombie (D:5)
  2 worker ant zombies (D:5)
  17 gnolls
  7 adders
  2 shadow imps
  5 oozes (D:9)
  An adder zombie (D:9)
  4 worms
  2 adder skeletons
  5 giant geckos
  57 orcs
  A ball python (D:2)
  10 giant cockroaches
  5 goblins
  5 hobgoblins
  7 quokkas
  5 bats (D:1)
  4 giant newts
  8 jackals
  14 kobolds
  4 rats
  A bush (D:6)
  A butterfly (D:5)
341 creatures vanquished.

Vanquished Creatures (others)
  2 plants (D:6)
2 creatures vanquished.

Grand Total: 343 creatures vanquished

Notes
Turn   | Place    | Note
--------------------------------------------------------------
     0 | D:1      | kaze the Demonspawn Berserker began the quest for the Orb.
     0 | D:1      | Reached XP level 1. HP: 18/18 MP: 1/1
   614 | D:1      | Gained mutation: You are partially covered in sharp spines. [demonic ancestry]
   614 | D:1      | Reached XP level 2. HP: 24/24 MP: 2/2
  1248 | D:2      | Reached ** piety under Trog
  1563 | D:2      | Reached XP level 3. HP: 29/29 MP: 3/3
  1690 | D:2      | Found a radiant altar of Vehumet.
  1772 | D:3      | Noticed a giant frog
  1778 | D:3      | Killed a giant frog
  1778 | D:3      | Reached skill level 4 in Fighting
  1778 | D:3      | Gained mutation: When hurt, damage is shared between your health and your magic reserves. [demonic ancestry]
  1778 | D:3      | Reached XP level 4. HP: 16/37 MP: 4/4
  1911 | D:3      | Noticed Shenda's ghost (amateur HuFi)
  1922 | D:3      | Killed Shenda's ghost
  1922 | D:3      | Reached skill level 1 in Stealth
  1922 | D:3      | Gained mutation: You have large cloven feet. [demonic ancestry]
  1922 | D:3      | Reached XP level 5. HP: 37/42 MP: 3/5
  2397 | D:4      | Gained mutation: You have hoof-like feet. [demonic ancestry]
  2397 | D:4      | Reached XP level 6. HP: 49/49 MP: 4/6
  2435 | D:4      | Noticed a phantom
  2441 | D:4      | Found a staircase to the Ecumenical Temple.
  2448 | D:4      | Killed a phantom
  2485 | D:4      | Noticed a phantom
  2499 | D:4      | Killed a phantom
  3001 | D:5      | Entered Level 5 of the Dungeon
  3007 | D:5      | Reached XP level 7. HP: 55/55 MP: 5/7
  3011 | D:5      | Reached skill level 5 in Fighting
  3065 | D:5      | Noticed a hippogriff
  3073 | D:5      | Killed a hippogriff
  3073 | D:5      | Reached *** piety under Trog
  3073 | D:5      | Reached skill level 5 in Axes
  3450 | D:5      | Found a runed door.
  3474 | D:5      | Found a runed door.
  3512 | D:5      | Reached XP level 8. HP: 56/63 MP: 6/8
  3517 | D:5      | Gained mutation: [You are weak. (Str -2)] [mutagenic meat]
  3518 | D:5      | Gained mutation: You possess an exceptional clarity of mind. [mutagenic meat]
  3519 | D:5      | Gained mutation: You are resistant to hostile enchantments. [mutagenic meat]
  3520 | D:5      | Gained mutation: You are somewhat resistant to further mutation. [mutagenic meat]
  3605 | D:5      | Lost mutation: You are resistant to hostile enchantments. [potion of cure mutation]
  3605 | D:5      | Lost mutation: You possess an exceptional clarity of mind. [potion of cure mutation]
  3605 | D:5      | Lost mutation: You are somewhat resistant to further mutation. [potion of cure mutation]
  3605 | D:5      | Lost mutation: [You are weak. (Str -2)] [potion of cure mutation]
  3826 | D:5      | Reached skill level 6 in Fighting
  3827 | D:5      | Reached skill level 5 in Armour
  3934 | D:6      | Reached **** piety under Trog
  4137 | D:6      | Found a blossoming altar of Fedhas.
  4158 | D:6      | Noticed nublet's ghost (amateur DDHu)
  4168 | D:6      | Killed nublet's ghost
  4843 | D:6      | Gained mutation: You are partially covered in molten scales (AC +1). [demonic ancestry]
  4843 | D:6      | Reached XP level 9. HP: 71/71 MP: 9/9
  4867 | D:6      | Reached skill level 7 in Fighting
  5553 | D:8      | Got an ancient glass ring
  5554 | D:8      | Identified the ring "Kenyobol" {SustAt +Fly rF+ Int+2} (You found it on level 8 of the Dungeon)
  5803 | D:8      | Got a crude chain mail
  5814 | D:8      | Identified the +2 chain mail "Sirch" {Regen+ MP-9 Str+4 Dex+4} (You found it on level 8 of the Dungeon)
  5921 | D:8      | Found a staircase to the Lair.
  5926 | D:8      | Noticed Stendarr's ghost (novice TrFE)
  5939 | D:8      | Killed Stendarr's ghost
  5939 | D:8      | Reached skill level 8 in Fighting
  5939 | D:8      | Reached skill level 5 in Dodging
  5939 | D:8      | Gained mutation: You regenerate magic rapidly. [demonic ancestry]
  5939 | D:8      | Reached XP level 10. HP: 78/78 MP: 1/10
  5997 | D:8      | Reached ***** piety under Trog
  6398 | D:9      | Found a bloodstained altar of Trog.
  6429 | D:9      | Noticed Breadlance's ghost (novice MiFi)
  6450 | D:9      | Killed Breadlance's ghost
  7074 | D:9      | Reached skill level 9 in Axes
  7190 | D:9      | Found a stormy altar of Qazlal.
  7583 | D:10     | Entered Level 10 of the Dungeon
  7906 | D:10     | Noticed nublet's ghost (journeyman DDGl)
  7935 | D:10     | Killed nublet's ghost
  7935 | D:10     | Reached skill level 1 in Maces & Flails
  7935 | D:10     | Reached skill level 1 in Shields
  7935 | D:10     | Gained mutation: You have hooves in place of feet. [demonic ancestry]
  7935 | D:10     | Reached XP level 11. HP: 7/89 MP: 2/11
  8216 | D:10     | Found a staircase to the Orcish Mines.
  8259 | D:10     | Noticed a hill giant
  8274 | D:10     | Killed a hill giant
  8411 | D:10     | Noticed Urug
  8426 | D:10     | Killed Urug
  8611 | D:10     | Got a transparent short sword {pierce}
  8612 | D:10     | Identified the +6 short sword "Xocw" {pierce, MR+ Dex+2} (You took it off an orc on level 10 of the Dungeon)
  8954 | D:11     | Reached skill level 1 in Long Blades
  9558 | D:11     | Found a portal to a secret trove of treasure.
  9623 | D:11     | Noticed a hill giant
  9632 | D:11     | Killed a hill giant
  9632 | D:11     | Received a gift from Trog
  9644 | D:11     | Noticed a hill giant
  9653 | D:11     | Killed a hill giant
  9653 | D:11     | Reached skill level 1 in Short Blades
  9904 | D:12     | Noticed Gastronok
  9908 | D:12     | Noticed a hill giant
  9921 | D:12     | Killed a hill giant
  9943 | D:12     | Killed Gastronok
  9947 | D:12     | Reached XP level 12. HP: 54/97 MP: 3/12
  9974 | D:12     | Gained mutation: [Scrolls take you a little longer to read.] [mutagenic meat]
 10008 | D:12     | Reached skill level 10 in Fighting
 10056 | D:12     | Reached skill level 10 in Armour
 10115 | D:12     | Found an opulent altar of Gozag.
 10145 | D:12     | Reached skill level 5 in Shields
 10615 | D:13     | Noticed Sonja
 10649 | D:13     | Cast into the Abyss (Sonja)
 10694 | Abyss:1  | Noticed a bone dragon
 10705 | Abyss:2  | Found a corrupted altar of Lugonu.
 10793 | Abyss:2  | Noticed a rakshasa
 10816 | Abyss:2  | Noticed a starcursed mass
 10819 | Abyss:2  | Noticed a starcursed mass
 10821 | Abyss:2  | Paralysed by accursed screaming for 1 turns
 10824 | Abyss:2  | Paralysed by accursed screaming for 2 turns
 10825 | Abyss:2  | Killed from afar by a starcursed mass (illusionary)

Action                   |  1- 3 |  4- 6 |  7- 9 | 10-12 || total
-------------------------+-------+-------+-------+-------++-------
Melee: Hand axe          |    67 |     4 |       |       ||    71
       War axe           |       |    60 |   246 |   176 ||   482
       Flail             |       |       |       |    54 ||    54
       Short sword       |       |       |       |   246 ||   246
       Long sword        |       |       |       |    44 ||    44
Invok: Berserk           |       |     4 |     5 |    16 ||    25
       Trog's Hand       |       |     1 |       |    13 ||    14
       Burn Spellbooks   |       |       |     1 |     1 ||     2
  Use: Scroll            |     3 |     4 |     5 |     6 ||    18
       Potion            |       |     6 |     1 |     8 ||    15
 Stab: Sleeping          |     1 |       |       |       ||     1
  Eat: Meat ration       |     1 |       |       |       ||     1
       Chunk             |       |     4 |     4 |     6 ||    14
       Bread ration      |       |     1 |     3 |     7 ||    11
       Beef jerky        |       |       |       |     1 ||     1
